 Dungeon Crawl Stone Soup version 0.17.0-56-gd8de76c (console) character file.

126 Kloppie the Bolt Thrower (level 5, 0/43 HPs)
             Began as a Formicid Hunter on Dec 6, 2015.
             Slain by an orc
             ... wielding a +0 trident
              (6 damage)
             ... on level 3 of the Dungeon.
             The game lasted 00:04:53 (2736 turns).

Kloppie the Bolt Thrower (Formicid Hunter)          Turns: 2736, Time: 00:04:53

Health: 0/43       AC:  3    Str: 17    XL:     5   Next: 32%
Magic:  5/5        EV: 12    Int: 10    God:
Gold:   66         SH:  0    Dex: 12    Spells: 0 memorised, 4 levels left

rFire  . . .     SeeInvis +     b - +0 dagger (elec)
rCold  . . .     Clarity  .     c - +0 leather armour
rNeg   . . .     SustAt   .     (no shield)
rPois  .         Gourm    .     (helmet unavailable)
rElec  .         Spirit   .     (no cloak)
rCorr  .         Warding  .     (no gloves)
rMut   .         Stasis   +     (no boots)
MR     .....                    (no amulet)
Stlth  +.........               (no ring)
                                (no ring)

@: not resistant to hostile enchantments, very unstealthy
A: permanent stasis, dig shafts and tunnels, four strong arms, antennae 3
a: Dig, Shaft Self


You were on level 3 of the Dungeon.
You were not hungry.

You visited 1 branch of the dungeon, and saw 3 of its levels.

You collected 66 gold pieces.

Inventory:

Hand Weapons
 a - a +1 hand crossbow
 b - a +0 dagger of electrocution (weapon)
 n - a +0 short sword
 r - a +0 flail
Missiles
 d - 47 bolts
Armour
 c - a +0 leather armour (worn)
Jewellery
 g - an uncursed amulet of warding {unknown}
Scrolls
 i - 3 scrolls of remove curse {unknown}
 j - a scroll of teleportation {unknown}
 k - 2 scrolls of fear {unknown}
 m - a scroll of random uselessness {unknown}
 o - 4 scrolls of identify {unknown}
Potions
 f - a potion of might {unknown}
 l - a potion of heal wounds {unknown}
 p - 2 potions of ambrosia {unknown}
 s - a potion of cure mutation {unknown}
Comestibles
 e - a bread ration
 h - a meat ration
 q - 7 chunks of flesh


   Skills:
 + Level 4.3 Fighting
 + Level 5.1 Crossbows
 - Level 1.7 Dodging
 - Level 1.2 Stealth


You had 4 spell levels left.
You didn't know any spells.

Dungeon Overview and Level Annotations

Branches:
Dungeon (3/15)

Altars:


Innate Abilities, Weirdness & Mutations

You are under a permanent stasis effect.
You can dig through walls and to a lower floor.
Your four strong arms can wield two-handed weapons with a shield.
You have a pair of large antennae on your head (SInv).


Message History

The orc misses you.
You hit the orc but do no damage.
The orc is lightly wounded.
The orc hits you with a trident.
* * * LOW HITPOINT WARNING * * *
You hit the orc but do no damage.
The orc is lightly wounded.
The orc barely misses you.
You closely miss the orc.
The orc is lightly wounded.
The orc hits you with a trident.
* * * LOW HITPOINT WARNING * * *
The orc priest calls upon Beogh to heal the orc.
The orc's wounds heal themselves!
You hit the orc.
The orc is moderately wounded.
The orc hits you with a trident!
* * * LOW HITPOINT WARNING * * *
The orc hits you from afar with a trident.
You die...

#... .##.#.# #...
##.##.... #
###>..#####....... ..
)............###.o###...
...............#..#.....
#. .......og...#......#
#.# #....#o###.###..###..
#.. #....#.#
#†..{.......# #.#
#....#@# ####.########
#.## #....#.# #.#
#..#######......# #.#
##.......###...### #..
##..####.####.#### ######
##..##...........# #...
....#..........#.###.####
##.##..#.......)........#
##.......<#.##.#.###.##.#


You could see an orc priest, an orc and a hobgoblin.

Vanquished Creatures
  4 gnolls (D:2)
  An adder (D:3)
  An ooze (D:1)
  3 worms
  2 giant geckos
  An orc (D:3)
  5 giant cockroaches
  8 goblins
  4 hobgoblins
  7 jackals (D:1)
  5 kobolds
  12 bats
  2 giant newts (D:1)
  A quokka (D:2)
  5 rats
61 creatures vanquished.

Vanquished Creatures (others)
  4 toadstools (D:1)
4 creatures vanquished.

Grand Total: 65 creatures vanquished

Notes
Turn   | Place    | Note
--------------------------------------------------------------
     0 | D:1      | Kloppie the Formicid Hunter began the quest for the Orb.
     0 | D:1      | Reached XP level 1. HP: 16/16 MP: 1/1
   133 | D:1      | Reached XP level 2. HP: 20/23 MP: 2/2
   673 | D:1      | Reached XP level 3. HP: 26/28 MP: 3/3
  1806 | D:2      | Reached XP level 4. HP: 30/35 MP: 4/4
  2055 | D:2      | Reached skill level 5 in Crossbows
  2288 | D:2      | Reached XP level 5. HP: 42/42 MP: 5/5
  2736 | D:3      | Slain by an orc

Action                   |  1- 3 |  4- 6 || total
-------------------------+-------+-------++-------
Melee: Short sword       |    97 |       ||    97
       Dagger            |   101 |    59 ||   160
       Flail             |       |    21 ||    21
 Fire: Hand crossbow     |     1 |     3 ||     4
 Stab: Sleeping          |     2 |     1 ||     3
  Eat: Chunk             |     3 |     3 ||     6
